 Dungeon Crawl Stone Soup version 0.19.4-9-g45fd643 (webtiles) character file.

110 Kosschaser the Shooter (level 4, 0/29 HPs)
             Began as a High Elf Hunter on Feb 16, 2017.
             Slain by a rat (3 damage)
             ... on level 3 of the Dungeon.
             The game lasted 00:10:01 (2108 turns).

Kosschaser the Shooter (High Elf Hunter)            Turns: 2108, Time: 00:10:01

Health: 0/29       AC:  6    Str: 11    XL:     4   Next: 61%
Magic:  4/4        EV: 12    Int: 14    God:
Gold:   109        SH:  0    Dex: 17    Spells: 0 memorised, 3 levels left

rFire  . . .     SeeInvis .     b - +0 short sword
rCold  . . .     Gourm    .     c - +0 leather armour
rNeg   . . .     Faith    .     (no shield)
rPois  .         Spirit   .     (no helmet)
rElec  .         Reflect  .     q - +0 cloak
rCorr  .         Harm     .     (no gloves)
MR     .....     Rnd*Tele +     (no boots)
Stlth  +.........               (no amulet)
                                (no ring)
                                (no ring)

@: no status effects
A: molten scales 1, low mp 1, teleportitis 1
a: no special abilities


You were on level 3 of the Dungeon.
You were hungry.

You visited 1 branch of the dungeon, and saw 3 of its levels.

You collected 109 gold pieces.

Inventory:

Hand Weapons
 a - a +1 shortbow
 b - a +0 short sword (weapon)
Missiles
 d - 56 arrows
Armour
 c - a +0 leather armour (worn)
 q - a +0 cloak (worn)
Scrolls
 g - a scroll of amnesia
 h - a scroll of noise
 m - a scroll of identify
 n - a scroll of recharging {unknown}
 r - a scroll of teleportation {unknown}
Potions
 e - 2 potions of heal wounds
 i - a potion of brilliance {unknown}
 k - 2 potions of lignification
 p - 2 potions of invisibility {unknown}
Comestibles
 f - a bread ration
 j - a meat ration
 l - a slice of pizza
 o - a beef jerky


   Skills:
 + Level 2.2 Fighting
 + Level 1.4 Short Blades
 + Level 7.3 Bows
 + Level 0.6 Armour
 + Level 2.3 Dodging
 + Level 1.1 Stealth


You had 3 spell levels left.
You didn't know any spells.

Dungeon Overview and Level Annotations

Branches:
Dungeon (3/15)

Altars:
Nemelex Xobeh
Ru


Innate Abilities, Weirdness & Mutations

You are partially covered in molten scales. (AC +2)
Your magical capacity is low. (-10% MP)
You are occasionally teleported next to monsters.


Message History

Press: ? - help, Shift-Dir - straight line, f/p - worm
Aim: a worm (heavily wounded)
You shoot an arrow. The arrow barely misses the worm.
You are suddenly yanked towards some nearby monsters!
Your surroundings suddenly seem different.
Splash!
You fall into the shallow water.
Moving in this stuff is going to be slow.
A leopard gecko comes into view.
The leopard gecko hisses angrily.
The rat misses you.
The rat splashes around in the water.
The leopard gecko splashes around in the water. 2 rats come into view.
Sorry, you're not good enough to have a special ability.
Wield which item (- for none, * to show all)? (? for menu, Esc to quit)
b - a +0 short sword (weapon)
The rat barely misses you. The rat bites you.
* * * LOW HITPOINT WARNING * * *
The rat bites you.
You die...

### #.. #.# ####
#.# ###r≈##+ #$#
+≈@l≈≈≈# #.#
+≈≈r≈≈≈# #.#
###≈≈##+
#####.###.####
#............
#######..<......$##
......>.......####
#######.......#
#(......#


You could see a leopard gecko and 2 rats.

Vanquished Creatures
  A gnoll (D:2)
  3 adders (D:2)
  An ooze (D:1)
  2 dart slugs (D:2)
  2 worms (D:2)
  2 leopard geckos
  3 orcs (D:3)
  5 giant cockroaches
  5 goblins
  7 hobgoblins
  6 kobolds
  6 bats
  5 frilled lizards
  7 rats
55 creatures vanquished.

Notes
Turn   | Place    | Note
-------+----------+-------------------------------------------
     0 | D:1      | Kosschaser the High Elf Hunter began the quest for the Orb.
     0 | D:1      | Reached XP level 1. HP: 14/14 MP: 2/2
   156 | D:1      | Reached XP level 2. HP: 15/19 MP: 3/3
   188 | D:1      | Reached skill level 6 in Bows
   828 | D:2      | Reached XP level 3. HP: 16/24 MP: 4/4
  1372 | D:2      | Reached skill level 7 in Bows
  1423 | D:2      | Gained mutation: You are partially covered in molten scales. (AC +2) [potion of mutation]
  1423 | D:2      | Gained mutation: You are occasionally teleported next to monsters. [potion of mutation]
  1423 | D:2      | Gained mutation: Your magical capacity is low. (-10% MP) [potion of mutation]
  1441 | D:2      | Found a faded altar of an unknown god.
  1451 | D:2      | Found a sacrificial altar of Ru.
  1471 | D:2      | Reached XP level 4. HP: 27/29 MP: 4/4
  1554 | D:2      | Reached skill level 1 in Short Blades
  1992 | D:3      | Found a sparkling altar of Nemelex Xobeh.
  2108 | D:3      | Slain by a rat

Skill      XL: |  1  2  3  4 |
---------------+-------------+-----
Bows           | 6 7 |  7.3
Short Blades   | 1 |  1.4
Fighting       | |  2.2
Armour         | |  0.6
Dodging        | |  2.3
Stealth        | |  1.1

Action                   |  1- 3 |  4- 6 || total
-------------------------+-------+-------++-------
Melee: Short sword       |    64 |    22 ||    86
 Fire: Shortbow          |    72 |    31 ||   103
  Use: Scroll            |     4 |     1 ||     5
       Potion            |     1 |       ||     1
 Stab: Sleeping          |     1 |       ||     1
  Eat: Chunk             |     1 |     2 ||     3
Armor: Leather armour    |    10 |     2 ||    12
Dodge: Dodged            |    37 |    15 ||    52
